 Dungeon Sprint DCSS version 0.20.1-1-g8b1a95d (console) character file.

98 hilaritas the Shield-Bearer (level 5, -12/41 HPs)
             Began as a Formicid Fighter on Aug 25, 2017.
             Was a Follower of Uskayaw.
             Mangled by a two-headed ogre
             ... wielding a +0 giant club
              (13 damage)
             ... in the Dungeon (Sprint IX: "|||||||||||||||||||||||||||||").
             The game lasted 00:01:18 (119 turns).

hilaritas the Shield-Bearer (Formicid Fighter)       Turns: 119, Time: 00:01:19

Health: -12/41     AC: 11    Str: 24    XL:     5   Next: 1%
Magic:  0/5        EV:  9    Int:  8    God:    Uskayaw [*.....]
Gold:   0          SH: 11    Dex: 10    Spells: 4/4 levels left

rFire    . . .     SeeInvis +   n - +2 scimitar (flame)
rCold    . . .     Gourm    .   c - +0 shield
rNeg     . . .     Faith    .   o - +1 chain mail
rPois    .         Spirit   .   (helmet unavailable)
rElec    .         Reflect  .   a - +0 cloak
rCorr    .         Harm     .   (no gloves)
MR       .....                  (no boots)
Stlth    ..........             (no amulet)
Regen    0.2/turn               b - +3 ring of strength
MPRegen  0.1/turn               p - +2 ring of evasion

@: no status effects
A: permanent stasis, dig shafts and tunnels, four strong arms, antennae 3
a: Dig, Stomp, Renounce Religion


You were in the Dungeon.
You worshipped Uskayaw.
Uskayaw was noncommittal.
You were not hungry.

You visited 1 branch

Inventory:

Hand Weapons
 n - a +2 scimitar of flaming (weapon)
Armour
 a - a +0 cloak (worn)
 c - a +0 shield (worn)
 o - a +1 chain mail (worn)
Jewellery
 b - a +3 ring of strength (left hand)
 p - a +2 ring of evasion (right hand)
Wands
 m - a wand of iceblast (7/15)
Scrolls
 j - 3 scrolls of remove curse
 k - 2 scrolls of amnesia
Potions
 d - a potion of might
 e - 5 potions of curing
 g - a potion of invisibility
 h - a potion of heal wounds
 i - 4 potions of magic
Comestibles
 f - a bread ration
 l - 2 chunks of flesh


   Skills:
 - Level 3.2 Fighting
 * Level 7.2 Long Blades
 - Level 3.2 Armour
 + Level 7.5 Shields


You had 4 spell levels left.
You didn't know any spells.

Dungeon Overview and Level Annotations

Branches:
Dungeon (1/1)

Altars:
Cheibriados
Dithmenos
Elyvilon
Fedhas
Gozag
Hepliaklqana
Kikubaaqudgha
Makhleb
Nemelex Xobeh
Okawaru
Qazlal
Ru
Sif Muna
Trog
Uskayaw
Vehumet
Xom
Yredelemnul
Zin
The Shining One
Beogh
Jiyva
Lugonu


Innate Abilities, Weirdness & Mutations

You cannot be hasted, slowed, berserked, paralysed or teleported.
You can dig through walls and to a lower floor.
Your four strong arms can wield two-handed weapons with a shield.
You have a pair of large antennae on your head. (SInv)


Message History

The two-headed ogre completely misses you.
You slash the two-headed ogre! You burn the two-headed ogre.
The two-headed ogre is moderately wounded.
You can now stomp with the beat.
You don't have enough magic at the moment.
You slash the two-headed ogre! You burn the two-headed ogre.
The two-headed ogre is heavily wounded.
The two-headed ogre hits you with a giant club!
The two-headed ogre hits you with a dire flail.
* * * LOW HITPOINT WARNING * * *
Unknown command.
You feel much better. The two-headed ogre closely misses you.
The two-headed ogre hits you with a dire flail!
You hit the two-headed ogre. You burn the two-headed ogre.
The two-headed ogre is heavily wounded.
The two-headed ogre hits you with a giant club!!
Ouch! That really hurt!
* * * LOW HITPOINT WARNING * * *
The two-headed ogre hits you with a dire flail!
You die... ▓▓▓▓▓▓▓▓▓▓▓▓▓▓▓▓▓▓▓▓▓▓▓▓ __.____'.?|).[[.@OKGHZc. ▓▓▓▓▓▓▓▓▓▓▓▓▓▓▓▓▓▓▓▓▓▓▓▓ {{{{{{{ {{{{{{{{

You could see a two-headed ogre, a hippogriff, an eye of draining, a big kobold, a centaur and a bat zombie.

Vanquished Creatures
  An ogre (D)
  A leopard gecko (D)
  An orc (D)
  A bat (D)
  A bat skeleton (D)
  2 hobgoblins (D)
  A jackal (D)
  A quokka (D)
  A kobold (D)
10 creatures vanquished.

Notes
Turn   | Place    | Note
-------+----------+-------------------------------------------
     0 | D        | hilaritas the Formicid Fighter began the quest for the Orb.
     0 | D        | Reached XP level 1. HP: 18/18 MP: 1/1
    15 | D        | Reached XP level 2. HP: 22/24 MP: 2/2
    25 | D        | Noticed an ogre
    26 | D        | Reached skill level 5 in Shields
    27 | D        | HP: 1/24 [ogre/giant club (22)]
    29 | D        | Killed an ogre
    29 | D        | Reached XP level 3. HP: 29/29 MP: 3/3
    29 | D        | Reached XP level 4. HP: 35/35 MP: 4/4
    33 | D        | Reached XP level 5. HP: 40/41 MP: 5/5
    46 | D        | Found a roughly hewn altar of Beogh.
    46 | D        | Found a snail-covered altar of Cheibriados.
    46 | D        | Found a shadowy altar of Dithmenos.
    46 | D        | Found a white marble altar of Elyvilon.
    46 | D        | Found a blossoming altar of Fedhas.
    46 | D        | Found an opulent altar of Gozag.
    47 | D        | Found a hazy altar of Hepliaklqana.
    48 | D        | Found a viscous altar of Jiyva.
    49 | D        | Found an ancient bone altar of Kikubaaqudgha.
    50 | D        | Found a corrupted altar of Lugonu.
    51 | D        | Found a burning altar of Makhleb.
    52 | D        | Found a sparkling altar of Nemelex Xobeh.
    53 | D        | Found an iron altar of Okawaru.
    54 | D        | Found a stormy altar of Qazlal.
    55 | D        | Found a sacrificial altar of Ru.
    56 | D        | Found a deep blue altar of Sif Muna.
    57 | D        | Found a bloodstained altar of Trog.
    58 | D        | Found a hide-covered altar of Uskayaw.
    59 | D        | Found a radiant altar of Vehumet.
    61 | D        | Found a shimmering altar of Xom.
    62 | D        | Found a basalt altar of Yredelemnul.
    63 | D        | Found a glowing silver altar of Zin.
    64 | D        | Found a glowing golden altar of the Shining One.
    66 | D        | Became a worshipper of Uskayaw the Reveler
   112 | D        | Noticed a two-headed ogre
   112 | D        | Noticed a big kobold
   112 | D        | Noticed an eye of draining
   112 | D        | Noticed a hippogriff
   112 | D        | Noticed a centaur
   116 | D        | Reached * piety under Uskayaw
   119 | D        | HP: 1/41 [two-headed ogre/giant club (25)]
   119 | D        | Mangled by a two-headed ogre

Skill      XL: |  1  2 |
---------------+-------+-----
Shields        | 4 7 |  7.5
Long Blades    | 3 7 |  7.2
Fighting       | |  3.2
Armour         | |  3.2

Action                   |  1- 3 |  4- 6 || total
-------------------------+-------+-------++-------
Melee: Long sword        |    14 |     5 ||    19
       Scimitar          |       |     6 ||     6
  Use: Potion            |     1 |     1 ||     2
Armor: Scale mail        |     1 |     4 ||     5
Dodge: Dodged            |     3 |     3 ||     6
Block: Shield            |     8 |     7 ||    15
       Rpst.: Long sword |     1 |       ||     1
